 Dungeon Crawl Stone Soup version 0.28.0-53-g5a82cb258f (webtiles) character file.

Game seed: 1585650933192866793

16098 Zeld the Destroyer (level 12, -13/81 HPs)
             Began as a Red Draconian Conjurer on June 11, 2022.
             Was an Initiate of Gozag.
             Mangled by Snorg (18 damage)
             ... on level 11 of the Dungeon.
             The game lasted 00:25:48 (23503 turns).

Zeld the Destroyer (Red Draconian Conjurer)        Turns: 23503, Time: 00:25:48

Health: -13/81     AC: 11    Str: 10    XL:     12   Next: 7%
Magic:  1/25       EV: 13    Int: 23    God:    Gozag
Gold:   270        SH:  5    Dex: 10    Spells: 11/30 levels left

rFire   + + .      SeeInvis .   a - staff of fire
rCold   . . .      Faith    .   (no shield)
rNeg    . . .      Spirit   .   (armour unavailable)
rPois   .          Reflect  +   (helmet restricted)
rElec   .          Harm     .   B - +0 cloak
rCorr   .          Rampage  .   q - +0 pair of gloves
Will    +....                   I - +0 pair of boots
Stlth   +++.......              j - amulet of reflection
HPRegen 0.23/turn               J - ring of wizardry
MPRegen 0.19/turn               w - ring of willpower

@: lethally poisoned (-13 -> -23), about to teleport, short of breath
A: breathe fire, AC +8, unfitting armour, fire resistance 1, cold-blooded
a: Breathe Fire, Renounce Religion, Potion Petition, Call Merchant, Bribe Branch


You were on level 11 of the Dungeon.
You worshipped Gozag.
Gozag was aware of your devotion.
You visited 2 branches of the dungeon, and saw 12 of its levels.

You collected 2627 gold pieces.
You spent 1515 gold pieces at shops.
You paid 842 gold pieces to Gozag.

Inventory:

Armour
 q - a +0 pair of gloves (worn)
 y - an orb of light
 B - a +0 cloak (worn)
 I - a +0 pair of boots (worn)
Magical Staves
 a - a staff of fire (weapon)
Jewellery
 j - an amulet of reflection (around neck)
 w - a ring of willpower (right hand)
 E - a ring of flight
 J - a ring of wizardry (left hand)
Wands
 v - a wand of digging (3)
 C - a wand of polymorph (5)
Scrolls
 b - 6 scrolls of teleportation
 d - 7 scrolls of magic mapping
 e - 4 scrolls of enchant weapon
 h - 2 scrolls of enchant armour
 i - 2 scrolls of fear
 o - a scroll of summoning {unknown}
 s - a scroll of silence
 u - a scroll of holy word
 H - a scroll of identify
Potions
 c - a potion of invisibility {unknown}
 f - a potion of attraction {unknown}
 g - a potion of resistance {unknown}
 k - 4 potions of brilliance
 l - 3 potions of mutation
 m - 2 potions of curing {unknown}
 n - a potion of ambrosia {unknown}
 p - 2 potions of berserk rage {unknown}
 r - 4 potions of might
 x - 4 potions of flight
 z - a potion of haste {unknown}
 A - a potion of lignification {unknown}
 D - a potion of cancellation {unknown}
 F - 2 potions of degeneration {unknown}


   Skills:
 + Level 5.6 Dodging
 + Level 6.0 Stealth
 * Level 9.8 Spellcasting
 * Level 11.1 Conjurations
 - Level 2.0 Hexes
 - Level 2.0 Translocations
 + Level 7.0 Fire Magic
 * Level 8.2 Evocations


You had 11 spell levels left.
You knew the following spells:

 Your Spells              Type           Power      Damage    Failure   Level
a - Magic Dart            Conj           100%       1d8       1%          1
b - Searing Ray           Conj           100%       2d8       1%          2
c - Fulminant Prism       Conj/Hex       20%        3d13      1%          4
d - Iskenderun's Mystic   Conj/Tloc      41%        2d9       1%          4
e - Fireball              Conj/Fire      34%        3d14      1%          5
w - Ignite Poison         Fire/Tmut/Pois 33%        N/A       2%          3

Your spell library contained the following spells:

 Spells                   Type           Power      Damage    Failure   Level
 Apportation              Tloc           40%        N/A       1%          1
 Foxfire                  Conj/Fire      100%       2x1d9     1%          1
 Blink                    Tloc           40%        N/A       1%          2
 Dazzling Flash           Conj/Hex       82%        N/A       1%          3
 Stone Arrow              Conj/Erth      72%        3d11      1%          3
 Sandblast                Erth           22%        2d7       2%          1
 Summon Small Mammal      Summ           44%        N/A       2%          1
 Corpse Rot               Necr/Air       22%        N/A       3%          2
 Passwall                 Tmut/Erth      9%         N/A       3%          2
 Poisonous Vapours        Pois/Air       22%        N/A       3%          2
 Summon Guardian Golem    Hex/Summ       15%        N/A       4%          3
 Call Canine Familiar     Summ           11%        N/A       7%          3
 Leda's Liquefaction      Hex/Erth       7%         N/A       16%         4
 Manifold Assault         Tloc           20%        N/A       26%         5
 Silence                  Hex/Air        7%         N/A       38%         5
 Agony                    Necr           11%        N/A       52%         5
 Alistair's Intoxication  Tmut/Pois      7%         N/A       52%         5
 Lee's Rapid Deconstruct  Erth           5%         3d7*      52%         5
 Statue Form              Tmut/Erth      7%         N/A       96%         6
 Storm Form               Tmut/Air       5%         N/A       100%        7
 Ignition                 Fire           30%        3d10      100%        8


Dungeon Overview and Level Annotations

Branches:
Dungeon (11/15)            Temple (1/1) D:4            Lair (0/6) D:8
    Orc: D:9-12

Altars:
Ashenzari
Cheibriados
Dithmenos
Elyvilon
Fedhas
Gozag
Hepliaklqana
Kikubaaqudgha
Makhleb
Nemelex Xobeh
Okawaru
Qazlal
Ru
Sif Muna
Trog
Uskayaw
Vehumet
Wu Jian
Xom
Yredelemnul
Zin
The Shining One

Shops:
D:4 !   D:7 (   D:11 *

Annotations:
D:6 GraveyardiganJr's ghost, novice DDHu
D:9 3 runed translucent doors, quokkamancerX's ghost, novice DsBe
D:11 Snorg


Innate Abilities, Weirdness & Mutations

You can breathe blasts of fire.
Your fiery red scales are hard. (AC +8)
You cannot fit into any form of body armour.
Your flesh is heat resistant. (rF+)
You are cold-blooded and may be slowed by cold attacks.


Message History

Casting: Iskenderun's Mystic Blast (dangerous; 1% risk of failure)
Confirm with . or Enter, or press ? or * to list all spells.
You don't have enough magic to cast this spell.
Unknown command.
Casting: Iskenderun's Mystic Blast (dangerous; 1% risk of failure)
Confirm with . or Enter, or press ? or * to list all spells.
Aiming: Searing Ray (safe; 1% risk of failure)
Press: ? - help, Shift-Dir - straight line The searing ray hits the guardian serpent but does no damage.
The guardian serpent is almost dead. (Press . to maintain the ray.) Unknown command.
Aiming: Breathe Fire (2% risk of failure)
Press: ? - help, Shift-Dir - straight line You breathe a blast of fire.
The fiery breath hits the guardian serpent!
The guardian serpent is almost dead.
The guardian serpent hits you.
Snorg goes berserk!
The guardian serpent coils itself and waves its upper body at you.
Snorg blinks!
Unknown command.
As you read the scroll of teleportation, it crumbles to dust.
You feel strangely unstable. Snorg barely misses you.
Snorg claws you but does no damage. Snorg claws you!
The guardian serpent hits you! You block Snorg's attack.
Snorg closely misses you. You block Snorg's attack. Snorg misses you.
Snorg claws you!
* * * LOW HITPOINT WARNING * * *
You block Snorg's attack.
The guardian serpent coils itself and waves its upper body at you.
The bolt of poison hits you!
You are poisoned.
* * * LOW HITPOINT WARNING * * *
* * * LOW HITPOINT WARNING * * *
You feel very sick. The guardian serpent hits you.
* * * LOW HITPOINT WARNING * * *
Snorg bites you!!
You die...
Your body crumbles into a pile of gold.

##...## ...##.......## ##..##...
###..# ...##.....## #..###.##
#### ....##...## ##....#.# ####
....##### #..##.#.## #..# #..○..#
#..##.'... #..### #....##
##..####### #..[.#######../.#
###...### ##
##............S..###.......####.
#.............T@......#......#..
#..######............######.....
##..# ####.......### ##....
#...##########.....## ##.....
#.......##.........## #......
....................### #......
......................## ##.....
....>..................#####.....
...##########.............###....


You could see Snorg (berserk) and a guardian serpent.

Vanquished Creatures
  Harold (D:7)
  A boulder beetle (D:9)
  2 two-headed ogres
  Erica (D:7)
  3 skeletal warriors (D:11)
  Pikel (D:6)
  2 ugly things
  The ghost of spiderkeys the Ducker, a novice DEAK of Lugonu (D:5)
  Maurice (D:8)
  2 gargoyles
  A guardian serpent (D:11)
  A wyvern (D:8)
  19 yaks
  A wraith (D:11)
  A steam dragon (D:7)
  2 wargs (D:8)
  An acid dragon (D:9)
  4 water moccasins
  7 orc warriors
  An ice beast (D:8)
  A sky beast (D:8)
  A black bear (D:6)
  3 ogres
  2 centaurs
  3 necrophages
  2 lemures (D:6)
  2 phantoms
  4 gnoll sergeants
  3 scorpions
  A water moccasin skeleton (D:5)
  6 killer bees (D:7)
  11 wights
  2 vampire bats
  8 howler monkeys
  5 centaur zombies
  A centaur skeleton (D:7)
  3 jellies
  A bullfrog skeleton (D:4)
  8 orc priests
  A gnoll shaman (D:5)
  4 hounds
  11 orc wizards
  2 killer bee zombies
  A centaur simulacrum (D:6)
  A hound skeleton (D:4)
  24 gnolls
  2 howler monkey skeletons
  3 adders
  2 shadow imps
  A white imp (D:6)
  An adder skeleton (D:4)
  2 worms (D:3)
  A dart slug (D:3)
  38 orcs
  17 bats
  4 endoplasms
  2 giant cockroaches (D:1)
  7 goblins
  5 hobgoblins
  9 jackals
  4 quokkas
  9 ball pythons
  3 frilled lizards
  7 kobolds
  5 rats
286 creatures vanquished.

Vanquished Creatures (others)
  30 fulminant prisms
30 creatures vanquished.

Grand Total: 316 creatures vanquished

Notes
Turn   | Place    | Note
-------+----------+-------------------------------------------
     0 | D:1      | Zeld the Draconian Conjurer began the quest for the Orb.
     0 | D:1      | Reached XP level 1. HP: 14/14 MP: 3/3
   366 | D:1      | Reached XP level 2. HP: 20/20 MP: 1/5
   369 | D:1      | Learned a level 2 spell: Searing Ray
   575 | D:1      | Reached skill level 1 in Translocations
   834 | D:2      | You fall into a shaft and drop 2 floors!
  1147 | D:4      | Reached skill level 1 in Hexes
  1154 | D:4      | Found a staircase to the Ecumenical Temple.
  1159 | Temple   | Entered the Ecumenical Temple
  1427 | Temple   | Became a worshipper of Gozag Ym Sagoz the Greedy
  1821 | D:2      | Reached XP level 3. HP: 26/26 MP: 1/6
  3243 | D:3      | Reached XP level 4. HP: 33/33 MP: 2/7
  3887 | D:3      | Learned a level 4 spell: Fulminant Prism
  4177 | D:3      | Found a faded altar of an unknown god.
  4601 | D:3      | Reached XP level 5. HP: 36/38 MP: 1/9
  4848 | D:2      | Reached skill level 5 in Conjurations
  5113 | D:4      | Found Gyntix's Distillery.
  5122 | D:4      | Bought a potion of heal wounds for 65 gold pieces
  5122 | D:4      | Bought 2 potions of flight for 78 gold pieces
  5122 | D:4      | Bought a potion of heal wounds for 65 gold pieces
  5122 | D:4      | Bought a potion of might for 52 gold pieces
  5122 | D:4      | Bought 2 potions of brilliance for 104 gold pieces
  5178 | D:4      | Noticed a necrophage
  5184 | D:4      | Killed a necrophage
  5185 | D:4      | Reached XP level 6. HP: 38/45 MP: 2/11
  5302 | D:4      | Learned a level 4 spell: Iskenderun's Mystic Blast
  5514 | D:4      | Found a large runed translucent door.
  5524 | D:4      | Found a large runed translucent door.
  5534 | D:4      | Found a stormy altar of Qazlal.
  5578 | D:4      | Found a shimmering altar of Xom.
  5983 | D:4      | Reached skill level 6 in Conjurations
  6509 | D:4      | Bought a potion of mutation for 104 gold pieces
  6550 | D:5      | Entered Level 5 of the Dungeon
  6550 | D:5      | Noticed a water moccasin
  6556 | D:5      | Killed a water moccasin
  6557 | D:5      | Your scales start taking on a fiery red colour.
  6557 | D:5      | Reached XP level 7. HP: 50/50 MP: 4/14
  6557 | D:5      | Gained mutation: Your flesh is heat resistant. (rF+) [Red
                  | Draconian growth]
  6674 | D:5      | Reached skill level 5 in Spellcasting
  7220 | D:5      | Reached skill level 7 in Conjurations
  7730 | D:5      | Identified the +4 great mace "Wenar" {pain, rElec rF+}
  7731 | D:5      | Noticed spiderkeys's ghost (novice DEAK)
  7733 | D:5      | Found a transporter.
  7733 | D:5      | Found a transporter.
  7913 | D:5      | Reached XP level 8. HP: 50/57 MP: 10/17
  8125 | D:6      | Found a basalt altar of Yredelemnul.
  8260 | D:6      | Reached skill level 1 in Evocations
  8262 | D:6      | Reached skill level 1 in Fire Magic
  9502 | D:6      | Reached skill level 8 in Conjurations
  9731 | D:6      | Reached XP level 9. HP: 47/62 MP: 1/19
  9894 | D:6      | Noticed Pikel
  9925 | D:6      | Killed Pikel
 10160 | D:6      | Found a runed translucent gate.
 10165 | D:6      | Found a runed translucent gate.
 10165 | D:6      | Found a runed translucent gate.
 10169 | D:6      | Noticed GraveyardiganJr's ghost (novice DDHu)
 10549 | D:7      | Noticed Harold
 11112 | D:7      | Killed Harold
 11274 | D:7      | Reached skill level 9 in Conjurations
 11698 | D:7      | Reached XP level 10. HP: 41/69 MP: 1/21
 12323 | D:8      | Reached skill level 5 in Evocations
 13439 | D:8      | Found a staircase to the Lair.
 13448 | D:8      | Noticed Maurice
 13563 | D:8      | Noticed Erica
 13571 | D:7      | Killed Erica
 13572 | D:7      | Reached skill level 5 in Fire Magic
 14757 | D:8      | Killed Maurice
 15115 | D:7      | Bought a translucent dire flail for 333 gold pieces
 15115 | D:7      | Identified the +6 dire flail of Tumyck {vorpal, Will+
                  | Int+5} (You bought it in a shop on level 7 of the Dungeon)
 16511 | D:9      | Found a radiant altar of Vehumet.
 16636 | D:9      | Found a runed translucent gate.
 16647 | D:9      | Found a runed translucent gate.
 16647 | D:9      | Found a runed translucent gate.
 16649 | D:9      | Noticed quokkamancerX's ghost (novice DsBe)
 16715 | D:9      | Noticed a white ugly thing
 16734 | D:9      | Killed a white ugly thing
 16735 | D:9      | Reached skill level 10 in Conjurations
 17238 | D:9      | Noticed a boulder beetle
 17511 | D:5      | Reached XP level 11. HP: 74/74 MP: 3/23
 17511 | D:5      | Killed spiderkeys's ghost
 18049 | D:9      | Killed a boulder beetle
 18050 | D:9      | Reached skill level 5 in Stealth
 18191 | D:10     | Entered Level 10 of the Dungeon
 18715 | D:10     | Noticed a cyan ugly thing
 18729 | D:10     | Killed a cyan ugly thing
 19108 | D:10     | Reached skill level 5 in Dodging
 19291 | D:10     | Found a burning altar of Makhleb.
 19302 | D:10     | Noticed a two-headed ogre
 19328 | D:10     | Killed a two-headed ogre
 20126 | D:11     | Noticed a two-headed ogre
 20139 | D:11     | Killed a two-headed ogre
 20945 | D:11     | Noticed Snorg
 20984 | D:11     | Found Ycly's Fire Supplies.
 21007 | D:11     | Bought the Collected Works on the Volcanoes for 714 gold
                  | pieces
 21018 | D:11     | Learned a level 5 spell: Fireball
 21022 | D:11     | Learned a level 3 spell: Ignite Poison
 22013 | D:11     | Reached skill level 11 in Conjurations
 22611 | D:11     | Noticed a skeletal warrior
 22611 | D:11     | Noticed a skeletal warrior
 22611 | D:11     | Noticed a skeletal warrior
 22638 | D:11     | Killed a skeletal warrior
 23104 | D:11     | Killed a skeletal warrior
 23105 | D:11     | Reached XP level 12. HP: 56/81 MP: 5/25
 23503 | D:11     | Mangled by Snorg

Illustrated notes

Levels and vault maps discovered:
D:1:      lordsloth_arrival_two_stooges, layout_loops_corners
D:2:      layout_rooms
D:3:      layout_basic, shapermc_ecumenical_altar_mp_highgroup, roderic_batcave,
          chequers_serial_rivers_micro_b, st_stairs_12
D:4:      layout_loops_ring, jmf_multi_god_temple2,
          minmay_temple_entry_nine_rooms, serial_shops, shop
D:5:      layout_rooms, gammafunk_ghost_smash
D:6:      layout_basic, overflow_temple_1_default, gammafunk_ghost_necromancy,
          uniq_pikel
D:7:      layout_cave_pools, serial_rivers, chequers_serial_rivers_micro_e,
          chequers_serial_rivers_micro_c, chequers_serial_rivers_room_b,
          chequers_serial_rivers_small_b, chequers_serial_rivers_room_b,
          uniq_harold
D:8:      layout_rooms, erik_lair_orcish_takeover, uniq_maurice, uniq_erica
D:9:      kennysheep_big_flooded_room, layout_basic, nicolae_vehumet_radiance,
          ebering_ghost_rock_garden
D:10:     layout_basic, mainiacjoe_overflow_alcove_2
D:11:     nrook_guardian_serpent_snake_passage, layout_layer_cave,
          minmay_misc_feat_encased, nrook_uturn, nicolae_shop_fire_sale
          [nicolae_sub_dead_trees], corexii_checkpoint_a,
          hangedman_decor_opposing, uniq_snorg
Temple:   bh_familiar_temple

Skill      XL: |  1  2  3  4  5  6  7  8  9 10 11 12 |
---------------+-------------------------------------+-----
Translocations | 1 2 |  2.0
Hexes          | 1 2 |  2.0
Spellcasting   | 3 4 6 7 8 9 |  9.8
Conjurations   | 5 6 7 8 9 10 11 | 11.1
Dodging        | 2 3 4 5 |  5.6
Stealth        | 2 3 4 5 6 |  6.0
Evocations     | 2 4 6 8 |  8.2
Fire Magic     | 2 4 5 7 |  7.0

Action                   |  1- 3 |  4- 6 |  7- 9 | 10-12 || total
-------------------------+-------+-------+-------+-------++-------
Melee: Unarmed           |    59 |    44 |     9 |       ||   112
       Tailslap          |     8 |     3 |     5 |    18 ||    34
       Punch             |     1 |       |     1 |       ||     2
       Staff             |       |       |    44 |    51 ||    95
       Dire flail        |       |       |       |    11 ||    11
 Cast: Magic Dart        |    94 |    61 |    13 |     5 ||   173
       Searing Ray       |     4 |    21 |    36 |    43 ||   104
       Iskenderun's Myst |       |       |    50 |   131 ||   181
       Fulminant Prism   |       |       |    10 |    21 ||    31
       Fireball          |       |       |       |    11 ||    11
Invok: Call Merchant     |       |       |       |     1 ||     1
 Abil: Breathe Fire      |       |       |    19 |    28 ||    47
Evoke: Wand              |       |       |       |     9 ||     9
  Use: Potion            |       |       |     2 |     2 ||     4
       Scroll            |       |       |       |    13 ||    13
 Stab: Distracted        |       |       |       |     1 ||     1
Armor: Skin              |    28 |    86 |    64 |    63 ||   241
Dodge: Dodged            |    68 |   138 |   116 |   101 ||   423
Block: Other             |       |    59 |    49 |    41 ||   149
       Reflection        |       |       |     3 |     9 ||    12
       Orb               |       |       |       |    10 ||    10
